Map: Abyssal Reef LE

Players

BuRny

  • Race: Terran Terran
  • League: Master
  • Spawn Location: 11:00

A.I. 1 (Very Easy) - Winner!

  • Race: Zerg Zerg
  • Spawn Location: 5:00

VOD

Have the link to the VOD?

Description

Time

  • Played on: March 19, 2017, 5:04 p.m.
  • Length: 8:38
Show
View Real Time Build Order
Export as new Build Order

BuRny Terran 

Build Orders: Command Center First (CC), MMM Bio 

Get SALT Encoding   

  12  0:01  SCV  
  13  0:13  SCV  
  14  0:17  Supply Depot  
  14  0:25  SCV  
  15  0:38  SCV  
  16  0:50  SCV  
  17  1:03  Command Center, SCV  
  18  1:15  SCV  
  18  1:17  Barracks  
  19  1:27  SCV  
  19  1:28  Refinery  
  20  1:36  Refinery  
  20  1:39  SCV  
  21  1:51  SCV  
  21  1:53  Barracks  
  22  2:04  Orbital Command  
  22  2:06  Barracks Reactor  
  22  2:15  Orbital Command  
  22  2:27  Factory  
  22  2:30  SCV  
  23  2:41  SCV  
  23  2:42  SCV  
  25  2:44  Marine  
  25  2:46  Barracks Tech Lab  
  25  2:48  Marine  
  27  2:54  SCV  
  27  2:56  SCV  
  29  2:59  Supply Depot  
  29  3:04  Stimpack  
  29  3:06  SCV  
  29  3:08  Marine, SCV  
  32  3:15  Starport  
  32  3:17  Factory Reactor  
  32  3:18  SCV  
  33  3:20  SCV  
  33  3:22  Marine  
  33  3:25  Marine  
  36  3:29  Marine  
  36  3:30  SCV  
  36  3:32  SCV  
  36  3:33  Supply Depot  
  39  3:40  Marine  
  40  3:42  SCV  
  40  3:43  Marine  
  40  3:44  SCV  
  40  3:47  Marine  
  44  3:54  SCV  
  45  3:57  Supply Depot, SCV  
  45  3:58  Marine  
  45  3:59  Medivac x2  
  51  4:06  SCV  
  51  4:07  Marine x2  
  51  4:08  Supply Depot  
  54  4:16  Supply Depot  
  54  4:18  Marine  
  54  4:19  SCV x2  
  54  4:23  Factory Reactor  
  54  4:24  Engineering Bay  
  57  4:25  Marine x2  
  57  4:31  SCV x2  
  61  4:36  Marine  
  62  4:41  Supply Depot  
  62  4:43  SCV x2  
  64  4:47  Medivac  
  64  4:48  Command Center  
  64  4:50  Terran Infantry Weapons Level 1  
  66  4:55  SCV x2  
  66  4:56  Refinery  
  66  4:57  Marine  
  66  4:58  Marine  
  70  5:03  Supply Depot  
  70  5:07  Marine, SCV x2  
  70  5:13  Supply Depot  
  73  5:15  Combat Shields  
  73  5:16  Refinery  
  73  5:19  Medivac, SCV x2  
  77  5:25  Marine x2  
  79  5:28  Supply Depot  
  79  5:30  Factory Reactor  
  79  5:31  SCV x2  
  79  5:33  Marine  
  82  5:38  Medivac  
  84  5:42  Marine  
  84  5:43  Marine, SCV x2  
  84  5:48  Barracks x2  
  88  5:50  Barracks  
  88  5:53  Marine  
  88  5:55  Medivac, SCV x2  
  93  6:01  Marine  
  93  6:02  Marine  
  95  6:07  SCV  
  95  6:08  SCV  
  97  6:11  Marine  
  97  6:12  Engineering Bay, Armory  
  97  6:17  Orbital Command  
  98  6:19  Marine  
  98  6:20  Marine, SCV  
  98  6:24  SCV  
  102  6:29  Factory Reactor, Marine  
  102  6:32  Barracks, SCV  
  104  6:34  Barracks  
  104  6:35  Starport Reactor  
  104  6:36  Barracks Reactor, SCV  
  104  6:37  Barracks Reactor  
  105  6:41  Terran Infantry Armor Level 1  
  105  6:43  Marine x3  
  105  6:44  SCV  
  109  6:51  Supply Depot  
  109  6:52  Supply Depot, SCV  
  109  6:53  Supply Depot  
  110  6:54  Refinery  
  110  6:57  Supply Depot  
  110  6:58  Barracks Reactor  
  110  6:59  Marine  
  110  7:01  Marine x3  
  112  7:04  Supply Depot x2  
  112  7:07  Widow Mine  
  112  7:08  Widow Mine  
  118  7:17  Marine x5  
  118  7:18  Marine  
  118  7:19  Marine x2, Supply Depot  
  118  7:20  Medivac  
  118  7:21  Medivac  
  130  7:25  SCV  
  130  7:27  Marine x4  
  135  7:35  Marine x2  
  137  7:37  Supply Depot  
  137  7:38  Supply Depot x2  
  137  7:39  Marine x4  
  137  7:40  Marine, Supply Depot  
  137  7:42  Marine x2  
  137  7:43  Marine  
  145  7:45  Marine x2  
  145  7:46  Marine  
  145  7:47  Marine  
  145  7:48  Widow Mine  
  145  7:50  Widow Mine  
  153  7:51  Medivac  
  153  7:53  Medivac  
  153  7:55  Marine  
  153  7:56  Marine  
  153  7:57  Marine  
  153  7:58  Marine x2  
  161  7:59  Marine  
  161  8:03  Marine x6  
  161  8:05  Marine x2  
  171  8:12  Marine  
  171  8:14  Marine  
  171  8:15  Marine  
  171  8:16  Marine x2  
  171  8:17  Marine  
Show
View Real Time Build Order
Export as new Build Order

A.I. 1 (Very Easy) Zerg - Winner!

Build Orders: Hatch First 

Get SALT Encoding   

  12  0:01  Drone  
  13  0:12  Overlord  
  13  0:16  Drone  
  14  0:45  Hatchery  
  14  0:46  Drone  
  14  1:04  Spawning Pool  
  14  1:06  Extractor  
  14  1:09  Drone  
  13  1:16  Extractor, Drone  
  13  1:24  Drone  
  14  1:30  Overlord  
  14  1:51  Queen  
  16  2:07  Lair  
  16  2:20  Overlord  
  16  2:52  Drone  
  17  3:05  Drone  
  18  3:07  Spire  
  17  3:19  Drone  
  18  3:37  Drone  
  19  3:44  Drone  
  20  3:52  Drone  
  21  3:59  Drone  
  22  4:06  Drone  
  23  4:13  Drone  
  23  4:14  Pneumatized Carapace  
  24  4:19  Evolution Chamber  
  24  4:20  Mutalisk  
  25  4:27  Drone  
  26  5:02  Mutalisk  
  24  5:43  Mutalisk  
  24  5:45  Queen  
  24  5:48  Drone  
  25  5:56  Drone  
  20  6:03  Drone  
  20  6:10  Drone  
  21  6:12  Zergling x2  
  21  6:17  Drone  
  23  6:22  Lair  
  23  6:24  Drone  
  24  6:32  Drone  
  25  6:39  Drone  
  26  6:46  Drone  
  27  6:53  Mutalisk  
  28  7:51  Drone, Mutalisk  
  28  7:52  Overseer  
  28  7:53  Overseer, Overlord  
  31  7:58  Drone  
  31  8:01  Hatchery  
  31  8:06  Drone  
  31  8:10  Extractor  
  31  8:13  Drone  
  31  8:18  Extractor  
  27  8:20  Drone  
  27  8:21  Overseer  
Tags
 
Add a new tag
Caveats
  • Supply blocks, unpowered buildings, or Contaminate may cause inaccurate times.
  • Supply counts are checked every 10 seconds.